 Dungeon Crawl Stone Soup version 0.30-a0-782-ge64f9170bb (webtiles) character file.

Game seed: 5589917519787952720

483 Barriton the Conjurer (level 6, 0/48 HPs)
             Began as a Draconian Conjurer on Feb 21, 2023.
             Slain by a gnoll
             ... wielding a +1 whip of freezing
              (5 damage)
             ... on level 4 of the Dungeon.
             The game lasted 00:07:35 (4436 turns).

Barriton the Conjurer (Draconian Conjurer)          Turns: 4436, Time: 00:07:36

Health: 0/48       AC:  6    Str:  9    XL:     6   Next: 88%
Magic:  0/10       EV: 13    Int: 21    God:
Gold:   194        SH:  0    Dex: 15    Spells: 2/11 levels left

rFire   + + .      SeeInvis .    n - staff of cold
rCold   + + .      Faith    .    (no shield)
rNeg    . . .      Spirit   +    (body armour unavailable)
rPois   +          Reflect  .    (helmet restricted)
rElec   +          Harm     .    (no cloak)
rCorr   +          Rampage  .    (no gloves)
Will    .....                    (no boots)
Stlth   ++                       k - amulet of guardian spirit
HPRegen 0.28/turn                l - ring of protection from fire
MPRegen 0.12/turn                m - +6 ring of dexterity

@: resistant
A: AC +6, unfitting armour, cold-blooded
a: no special abilities


You were on level 4 of the Dungeon.
You visited 1 branch of the dungeon, and saw 5 of its levels.

You collected 194 gold pieces.

Inventory:

Magical Staves
 n - a staff of cold (weapon)
Jewellery
 k - an amulet of guardian spirit (around neck)
 l - a ring of protection from fire (left hand)
 m - a +6 ring of dexterity (right hand)
Wands
 a - a wand of flame (18)
Scrolls
 b - 2 scrolls of enchant armour {unknown}
 e - 2 scrolls of teleportation
 f - 4 scrolls of identify
 j - 2 scrolls of magic mapping
Potions
 c - a potion of curing
 d - a potion of heal wounds {unknown}
 o - a potion of haste
 p - a potion of ambrosia {unknown}


   Skills:
 + Level 2.3 Fighting
 + Level 1.6 Staves
 + Level 3.3 Dodging
 + Level 2.2 Stealth
 + Level 2.6 Unarmed Combat
 + Level 3.2 Spellcasting
 + Level 5.3 Conjurations
 + Level 0.2 Ice Magic


You had 2 spell levels left.
You knew the following spells:

 Your Spells              Type           Power      Damage    Failure   Level
a - Magic Dart            Conj           100%       1d8       1%          1
b - Dazzling Flash        Conj/Hex       28%        N/A       13%         3
c - Searing Ray           Conj           50%        2d6       2%          2
d - Hailstorm             Conj/Ice       22%        3d7       12%         3

Your spell library contained the following spells:

 Spells                   Type           Power      Damage    Failure   Level
 Slow                     Hex            12%        N/A       13%         1
 Confusing Touch          Hex            3%         N/A       36%         3
 Portal Projectile        Hex/Tloc       6%         N/A       36%         3
 Tukima's Dance           Hex            3%         N/A       36%         3
 Vampiric Draining        Necr           3%         2d6       36%         3
 Fulminant Prism          Conj/Hex       7%         3d7       41%         4
 Iskenderun's Mystic Bla  Conj/Tloc      14%        2d5       41%         4
 Ice Form                 Ice/Tmut       5%         N/A       77%         4
 Blade Hands              Tmut           1%         N/A       98%         5
 Simulacrum               Ice/Necr       2%         N/A       100%        6


Dungeon Overview and Level Annotations

Branches:
Dungeon (5/15)
 Temple: D:4-7

Altars:
Ashenzari
Gozag
Nemelex Xobeh
Zin


Innate Abilities, Weirdness & Mutations

Your plain brown scales are hard. (AC +6)
You cannot fit into any form of body armour.
You are cold-blooded and may be slowed by cold attacks.


Message History

You feel better. The adder barely misses you. The adder closely misses you.
Casting: Magic Dart (safe; 1% risk of failure)
Confirm with . or Enter, or press ? or * to list all spells.
You don't have enough magic to cast this spell.
You feel protected. The adder barely misses you. The gnoll closely misses you.
You barely miss the gnoll.
The gnoll is severely wounded.
The adder bites you but does no damage.
The gnoll hits you with a +1 whip of freezing.
You barely miss the gnoll.
The gnoll is severely wounded.
The adder bites you.
The gnoll hits you with a +1 whip of freezing!
* * * LOW HITPOINT WARNING * * *
The adder bites you.
* * * LOW HITPOINT WARNING * * *
You closely miss the gnoll.
The gnoll is severely wounded.
The adder barely misses you.
The gnoll hits you with a +1 whip of freezing.
* * * LOW HITPOINT WARNING * * *
The gnoll attacks as you move away! The gnoll misses you.
The adder bites you but does no damage. The adder attacks as you move away!
The adder bites you but does no damage. The adder attacks as you move away!
The adder bites you but does no damage.
There is an open door here.
The adder attacks as you move away! The adder bites you but does no damage.
The adder closely misses you.
Casting: Magic Dart (safe; 1% risk of failure)
Confirm with . or Enter, or press ? or * to list all spells.
Aiming: Magic Dart (safe; 1% risk of failure)
Press: ? - help, Shift-Dir - straight line, f/p - adder
Aim: an adder (100% to hit)
The magic dart hits the adder!
The adder is heavily wounded.
The adder completely misses you. The gnoll attacks as you move away!
The gnoll hits you with a +1 whip of freezing.
You die...

.#....####..##.###.....######
.#....##<#..##.#............#
##....##.#..##.#............#
######......##.#............#
..........#.##..............#
........>..(##..............#
.........#...#.........######
.........'...'.g.......#
.........#...#.S@......#
.........#...#.........#
.........#...#.....)...#
.........#...#.........#
.........#...####)##.###
.........#...# #.##.#
..########...# #.##.# #.#
######...# #.##.# #.#
#...##...# #.##.#


You could see a gnoll and an adder.

Vanquished Creatures
  A steam dragon (D:4)
  2 phantoms (D:4)
  A hound (D:4)
  An iguana (D:5)
  3 adders
  A gnoll (D:5)
  2 worms
  2 dart slugs
  12 orcs
  8 ball pythons
  10 bats
  3 endoplasms (D:3)
  3 giant cockroaches
  12 goblins
  7 hobgoblins
  8 quokkas
  A frilled lizard (D:1)
  7 kobolds
  9 rats
93 creatures vanquished.

Vanquished Creatures (others)
  2 fungi (D:1)
  2 plants (D:1)
4 creatures vanquished.

Grand Total: 97 creatures vanquished

Notes
Turn   | Place    | Note
-------+----------+-------------------------------------------
     0 | D:1      | Barriton the Draconian Conjurer began the quest for the
                  | Orb.
     0 | D:1      | Reached XP level 1. HP: 14/14 MP: 3/3
   294 | D:1      | Reached XP level 2. HP: 15/20 MP: 0/5
   481 | D:1      | Found a faded altar of an unknown god.
   762 | D:1      | Reached XP level 3. HP: 27/27 MP: 3/6
   916 | D:1      | Learned a level 3 spell: Dazzling Flash
  1358 | D:2      | Reached skill level 1 in Unarmed Combat
  1476 | D:2      | Learned a level 2 spell: Searing Ray
  1618 | D:2      | Reached XP level 4. HP: 34/34 MP: 2/7
  2275 | D:3      | Reached skill level 1 in Fighting
  2279 | D:3      | Reached skill level 5 in Conjurations
  2678 | D:4      | Noticed a phantom
  2710 | D:4      | Killed a phantom
  2711 | D:4      | Reached XP level 5. HP: 7/40 MP: 1/8
  2853 | D:4      | Learned a level 3 spell: Hailstorm
  2861 | D:4      | Noticed a phantom
  2883 | D:4      | Killed a phantom
  2884 | D:4      | Reached XP level 6. HP: 34/48 MP: 0/10
  3239 | D:4      | Found a broken altar of Ashenzari.
  3258 | D:4      | Reached skill level 1 in Staves
  3531 | D:4      | Found a sparkling altar of Nemelex Xobeh.
  3801 | D:4      | Noticed a steam dragon
  3839 | D:4      | Killed a steam dragon
  4097 | D:4      | Found a glowing silver altar of Zin.
  4097 | D:4      | Found an opulent altar of Gozag.
  4325 | D:5      | Entered Level 5 of the Dungeon
  4422 | D:4      | HP: 2/48 [gnoll/+1 whip of freezing (5)]
  4436 | D:4      | Slain by a gnoll

Illustrated notes

Levels and vault maps discovered:
D:1:      dpeg_arrival_refuge, layout_basic,
          shapermc_ecumenical_altar_mp_ritualfount, skrybe_limestone_x,
          kennysheep_nondescript
D:2:      layout_rooms, kennysheep_generic_room_5
D:3:      layout_basic
D:4:      layout_basic, grunt_temple_overflow_gold_and_silver,
          nemelex_spade_bored_becter, marbit_many_paths, interstate_on_off,
          amcnicky_mini_pool_small, due_unseen_surprise
D:5:      layout_cave_pools

Skill      XL: |  1  2  3  4  5  6 |
---------------+-------------------+-----
Dodging        | 2 3 |  3.3
Unarmed Combat | 1 2 |  2.6
Stealth        | 2 |  2.2
Fighting       | 1 2 |  2.3
Conjurations   | 5 |  5.3
Staves         | 1 |  1.6
Spellcasting   | 3 |  3.2
Ice Magic      | |  0.2

Action                     |  1- 3 |  4- 6 || total
---------------------------+-------+-------++-------
  Melee: Unarmed           |    94 |    37 ||   131
         Tailslap          |    10 |    17 ||    27
         Punch             |     1 |     1 ||     2
         Staff             |       |    77 ||    77
   Cast: Magic Dart        |    76 |    76 ||   152
         Searing Ray       |       |     7 ||     7
         Hailstorm         |       |     3 ||     3
         Dazzling Flash    |       |     2 ||     2
    Use: Scroll            |     2 |    11 ||    13
         Potion            |       |     4 ||     4
 Armour: Skin              |    54 |    47 ||   101
  Dodge: Dodged            |    98 |   124 ||   222

Table legend: (Time is in decaauts)
 A = Elapsed time spent in this place.
 B = Non-inter-level travel time spent in this place.
 C = Inter-level travel time spent in this place.
 D = Time resting spent in this place.
 E = Time spent auto-exploring this place.
 F = Levels seen in this place.
 G = Mean time per level.
                   A        B        C        D        E       F      G
               +--------+--------+--------+--------+--------+-----+--------+
         Total |   4447 |   4347 |    100 |      0 |   3607 |   5 |  889.4 |
       Dungeon |   4447 |   4347 |    100 |      0 |   3607 |   5 |  889.4 |
               +--------+--------+--------+--------+--------+-----+--------+

Top non-repeatable levels by time:
     D:4: 1712 daAuts
     D:1: 1119 daAuts
     D:3: 788 daAuts
     D:2: 732 daAuts
     D:5: 93 daAuts
